 Dungeon Crawl Stone Soup version 0.31.0-32-g396128a36d (webtiles) character file.

Game seed: 14805036774725479941

1366 KittyFluff the Changeling (level 8, -8/75 HPs)
             Began as a Troll Shapeshifter on Apr 13, 2024.
             Mangled by a two-headed ogre
             ... wielding a +0 giant club
              (20 damage)
             ... on level 5 of the Dungeon.
             The game lasted 00:16:09 (3509 turns).

KittyFluff the Changeling (Troll Shapeshifter)      Turns: 3509, Time: 00:16:10

Health: -8/75      AC:  5    Str: 37    XL:     8   Next: 38%
Magic:  7/7        EV: 10    Int:  6    God:
Gold:   264        SH:  0    Dex:  9    Spells: 4/7 levels left

rFire   . .          .
                       - Unarmed
rCold   . . .        (no shield)
rNeg    . . .        x - +0 troll leather armour {Pargi}
rPois   .            (helmet currently unavailable)
rElec   .            (cloak currently unavailable)
rCorr   .            (gloves unavailable)
SInv    .            (boots unavailable)
Will    .....        (no amulet)
Stlth   +            n - +6 ring of strength
HPRegen 1.92/turn    j - +6 ring of strength
MPRegen 0.10/turn

%: no passive effects
@: beast-form
A: beast (slay +3), large, unfitting armour, claws 3, regeneration 1, shaggy fur
1, tough skin 1
a: Begin Untransformation


You were on level 5 of the Dungeon.
You were a hulking beast.
You visited 1 branch of the dungeon, and saw 5 of its levels.
You also visited: Sewer.

You collected 264 gold pieces.

Inventory:

Hand Weapons
 t - a +1 vampiric morningstar
 y - a +0 whip of freezing
 C - a +2 hand axe of flaming
 F - a +0 shortbow
Missiles
 f - 6 poisoned darts
 h - 15 stones (quivered)
 m - 3 boomerangs
Armour
 k - a +0 robe
 x - a +0 troll leather armour (worn) {Pargi}
 E - a +0 cloak
Jewellery
 j - a +6 ring of strength (right claw)
 n - a +6 ring of strength (left claw)
 s - a ring of flight
 G - a ring of fire
Talismans
 c - a beast talisman
 d - a flux talisman
Wands
 o - a wand of flame (13)
Scrolls
 a - a scroll of enchant armour {unknown}
 e - 2 scrolls of fear {unknown}
 g - 5 scrolls of teleportation
 l - 3 scrolls of immolation {unknown}
 p - a scroll of poison {unknown}
 u - 2 scrolls of brand weapon {unknown}
 v - a scroll of noise {unknown}
 A - a scroll of amnesia
 B - a scroll of summoning
 D - a scroll of silence {unknown}
Potions
 b - 2 potions of lignification
 i - 3 potions of curing
 q - a potion of haste
 r - 2 potions of brilliance
 w - a potion of berserk rage
 z - a potion of heal wounds


   Skills:
 + Level 3.2 Fighting
 + Level 3.2 Throwing
 + Level 2.5 Armour
 + Level 3.5 Dodging
 + Level 4.9 Unarmed Combat
 * Level 6.0 Shapeshifting


You had 4 spell levels left.
You knew the following spells:

 Your Spells              Type           Power      Damage    Failure   Level
a - Apportation           Tloc           0%         N/A       47%         1
b - Blink                 Tloc           0%         N/A       63%         2

Your spell library contained the following spells:

 Spells                   Type           Power      Damage    Failure   Level
 Summon Small Mammal      Summ           0%         N/A       47%         1
 Call Imp                 Summ           0%         N/A       63%         2
 Jinxbite                 Hex            0%         N/A       63%         2
 Lesser Beckoning         Tloc           0%         N/A       63%         2
 Momentum Strike          Conj/Tloc      0%         3d8       63%         2
 Sublimation of Blood     Necr           0%         N/A       63%         2
 Call Canine Familiar     Summ           0%         N/A       85%         3
 Inner Flame              Hex/Fire       0%         N/A       85%         3
 Summon Blazeheart Golem  Fire/Summ      0%         N/A       99%         4
 Alistair's Intoxication  Alch           0%         N/A       100%        5
 Irradiate                Conj/Alch      0%         3d11      100%        5
 Summon Hydra             Summ           0%         N/A       100%        7
 Ignition                 Fire           0%         3d3       100%        8


Dungeon Overview and Level Annotations

Branches:
Dungeon (5/15)              Sewer (visited)
 Temple: D:4-7

Altars:
Cheibriados
Elyvilon
Uskayaw
Xom


Innate Abilities, Weirdness & Mutations

You are a hulking beast.
Your limbs bulge with bestial killing power. (Slay +3)
You are too large for most types of armour.
You have claws for hands.
Your natural rate of healing is unusually fast.
You are covered in fur. (AC +1)
You have tough skin. (AC +1)


Message History

The ice beast barely misses you.
You claw the ice beast!
You kill the ice beast!
Your Shapeshifting skill increases to level 6!
You see here an iguana corpse.
The orc shouts!
You hear a shout!
Found a stone staircase leading down.
An orc comes into view. It is wielding a +0 club.
You mangle the orc!!
You kill the orc!
A two-headed ogre comes into view.
It is wielding a +0 giant club and a +0 dire flail.
The two-headed ogre shouts in stereo!
You see here a +0 falchion.
You claw the orc!
You kill the orc!
The two-headed ogre hits you with a +0 giant club!!
The two-headed ogre hits you with a +0 dire flail!
Things that are here:
a +0 club; an orc corpse You mangle the two-headed ogre!!
The two-headed ogre is moderately wounded.
You scratch the two-headed ogre.
The two-headed ogre is moderately wounded.
The two-headed ogre hits you with a +0 giant club!
The two-headed ogre hits you with a +0 dire flail.
You mangle the two-headed ogre!!
The two-headed ogre is severely wounded.
The two-headed ogre hits you but does no damage.
The two-headed ogre hits you with a +0 dire flail.
You completely miss the two-headed ogre.
The two-headed ogre is severely wounded.
You scratch the two-headed ogre.
The two-headed ogre is severely wounded.
The two-headed ogre hits you with a +0 giant club!
* * * LOW HITPOINT WARNING * * *
The two-headed ogre hits you with a +0 dire flail!!
* * * LOW HITPOINT WARNING * * *
You feel better.
The two-headed ogre hits you with a +0 giant club!!
You die...

.... # #.#### ..# .
..#.##....# # ..
.....O....# ####..
#.).### #.....
###...#.## ..#
#.>.#....## ..#
#...#...#.....## ..#
#........O..##.## .##
#.......#h#.....## .#
.. #.......#.#......#
.#.####
.....###......###
.#.#......#...##.####.#
)#.#......#.#..#.# #..#
.#.#....#.#.#....# #.##
.#.#....#.#....#†# #.#
...#......#....#.# #.#
...#......#....#.###.#


You could see a two-headed ogre.

Vanquished Creatures
  Sigmund (D:5)
  A water moccasin (D:5)
  Pargi (Sewer)
  An ice beast (D:5)
  An ogre (D:5)
  A centaur (D:5)
  2 phantoms (D:4)
  A brain worm (Sewer)
  A scorpion (D:4)
  A jelly (D:4)
  An orc priest (D:4)
  Jessica (D:2)
  2 scorpion zombies (D:4)
  Terence (D:2)
  4 iguanas
  An orc wizard (D:4)
  A hound zombie (D:4)
  Robin (D:3)
  3 gnolls (D:5)
  3 adders
  A river rat (D:3)
  3 adder skeletons (D:4)
  An adder zombie (D:4)
  2 dart slugs (D:1)
  A ribbon worm (D:5)
  6 orcs
  5 endoplasms
  5 giant cockroaches
  12 goblins
  7 hobgoblins
  2 jackals (D:2)
  7 kobolds
  6 quokkas
  4 ball pythons
  7 bats
  4 frilled lizards
  5 rats
107 creatures vanquished.

Notes
Turn   | Place    | Note
-------+----------+-------------------------------------------
     0 | D:1      | KittyFluff the Troll Shapeshifter began the quest for the
                  | Orb.
     0 | D:1      | Reached XP level 1. HP: 18/18 MP: 0/0
   169 | D:1      | Reached skill level 1 in Fighting
   226 | D:1      | Reached XP level 2. HP: 27/27 MP: 1/1
   715 | D:2      | Found a faded altar of an unknown god.
   809 | D:2      | Noticed Jessica
   819 | D:2      | Killed Jessica
   820 | D:2      | Reached XP level 3. HP: 33/33 MP: 2/2
  1097 | D:2      | Noticed Terence
  1107 | D:2      | Killed Terence
  1108 | D:2      | Reached XP level 4. HP: 21/41 MP: 3/3
  1186 | D:2      | Learned a level 1 spell: Apportation
  1189 | D:2      | Learned a level 2 spell: Blink
  1216 | D:3      | Noticed Robin
  1265 | D:3      | Killed Robin
  1293 | D:3      | Reached skill level 4 in Shapeshifting
  1816 | D:3      | Reached XP level 5. HP: 40/49 MP: 4/4
  1846 | D:3      | Found a glowing drain.
  1850 | Sewer    | Entered a sewer
  1877 | Sewer    | Reached skill level 1 in Throwing
  1877 | Sewer    | Reached skill level 1 in Armour
  1883 | Sewer    | Noticed Pargi
  1893 | Sewer    | Killed Pargi
  1894 | Sewer    | Reached XP level 6. HP: 47/57 MP: 5/5
  2484 | D:4      | Reached XP level 7. HP: 57/66 MP: 6/6
  2508 | D:4      | Reached skill level 5 in Shapeshifting
  2925 | D:4      | Found a hide-covered altar of Uskayaw.
  2926 | D:4      | Found a white marble altar of Elyvilon.
  2927 | D:4      | Found a snail-covered altar of Cheibriados.
  2928 | D:4      | Found a shimmering altar of Xom.
  3039 | D:5      | Entered Level 5 of the Dungeon
  3066 | D:5      | Noticed Sigmund
  3074 | D:5      | Killed Sigmund
  3213 | D:5      | Reached XP level 8. HP: 64/74 MP: 7/7
  3380 | D:5      | Identified the +4 scale mail of Vioj {rElec rC+ Int+3}
  3465 | D:5      | Reached skill level 6 in Shapeshifting
  3493 | D:5      | Noticed a two-headed ogre
  3508 | D:5      | HP: 2/75 [two-headed ogre/+0 giant club (20)]
  3509 | D:5      | Mangled by a two-headed ogre

Illustrated notes

Levels and vault maps discovered:
D:1:      ebering_trefoil_twist, layout_basic
D:2:      layout_rooms, nicolae_ecumenical_oubliette, uniq_terence, uniq_jessica
D:3:      minmay_general_purpose_star, layout_loops_cross,
          gup_sewer_entry_spiral, uniq_robin
D:4:      layout_cave_pods, mainiacjoe_overflow_alcove_3, serial_undead,
          serial_undead_c, serial_undead_f, serial_undead_c, serial_undead_e,
          glass_columns_a, minmay_misc_feat_iff
D:5:      layout_cave_pools, serial_co_window_serial, co_window_paths_a,
          co_window_corner_a, co_window_corner_a, co_window_paths_a,
          co_window_paths_a, co_window_2corner, co_window_broadway_a,
          co_window_of_opportunity_c, co_window_of_opportunity_c,
          co_window_broadway_b, co_window_4corner_a, glass_columns_a,
          uniq_sigmund

Skill      XL: |  1  2  3  4  5  6  7  8 |
---------------+-------------------------+-----
Fighting       | 1 2 3 |  3.2
Dodging        | 2 3 |  3.5
Shapeshifting  | 4 5 6 |  6.0
Throwing       | 1 2 3 |  3.2
Armour         | 1 2 |  2.5
Unarmed Combat | 4 |  4.9

Action                     |  1- 3 |  4- 6 |  7- 9 || total
---------------------------+-------+-------+-------++-------
  Melee: Unarmed           |    50 |   119 |    90 ||   259
         Punch             |       |     2 |     2 ||     4
  Throw: Dart              |     5 |       |       ||     5
         Stone             |       |     5 |       ||     5
    Use: Scroll            |       |     5 |     3 ||     8
         Potion            |       |       |     1 ||     1
   Stab: Sleeping          |     1 |       |       ||     1
 Armour: Animal skin       |    20 |       |       ||    20
         Robe              |    10 |    63 |       ||    73
         Troll leather arm |       |    33 |    76 ||   109
  Dodge: Dodged            |    20 |    64 |    38 ||   122
